 Dungeon Crawl Stone Soup version 0.18-a0-1202-g796ae12 (webtiles) character file.

46 M4edhros the Charlatan (level 3, 0/23 HPs)
             Began as an Octopode Artificer on Jan 31, 2016.
             Slain by a gnoll
             ... wielding a +0 flail
              (10 damage)
             ... on level 3 of the Dungeon.
             The game lasted 00:00:43 (569 turns).

M4edhros the Charlatan (Octopode Artificer)          Turns: 569, Time: 00:00:43

Health: 0/23       AC:  1    Str: 10    XL:     3   Next: 68%
Magic:  5/5        EV: 13    Int: 15    God:
Gold:   51         SH:  0    Dex: 12    Spells: 0 memorised, 2 levels left

rFire  . . .     SeeInvis .     a - +0 short sword
rCold  . . .     Gourm    .     (no shield)
rNeg   . . .     Faith    .     (helmet restricted)
rPois  .         Spirit   .     (no amulet)
rElec  .         Dismiss  .     (no ring)
rCorr  .         Reflect  .     (no ring)
SustAt .         Harm     .     (no ring)
MR     .....                    (no ring)
Stlth  +++.......               (no ring)
                                (no ring)
                                (no ring)
                                (no ring)

@: not resistant to hostile enchantments, fairly stealthy
A: almost no armour, amphibious, 8 rings, constrict 8, camouflage 1, gelatinous
body 1
a: no special abilities


You were on level 3 of the Dungeon.
You were not hungry.

You visited 1 branch of the dungeon, and saw 3 of its levels.

You collected 51 gold pieces.

Inventory:

Hand Weapons
 a - a +0 short sword (weapon)
Missiles
 p - 27 stones (quivered)
Jewellery
 e - an uncursed amulet of dismissal {unknown}
Wands
 b - a wand of flame (15/48)
 c - a wand of enslavement (13/24)
 d - a wand of random effects (14/48)
Scrolls
 i - 3 scrolls of identify {unknown}
 j - 2 scrolls of teleportation {unknown}
 m - a scroll of enchant armour {unknown}
 n - a scroll of remove curse {unknown}
 o - a scroll of amnesia {unknown}
Potions
 h - a potion of flight {unknown}
 k - a potion of might {unknown}
 l - a potion of brilliance {unknown}
Comestibles
 f - a bread ration
 g - 2 meat rations


   Skills:
 - Level 1.0 Fighting
 - Level 1.0 Short Blades
 * Level 2.8 Dodging
 * Level 3.2 Stealth
 + Level 3.7 Evocations


You had 2 spell levels left.
You didn't know any spells.

Dungeon Overview and Level Annotations

Branches:
Dungeon (3/15)

Altars:


Innate Abilities, Weirdness & Mutations

You cannot wear most types of armour.
You are amphibious.
You can wear up to eight rings at the same time.
You can use your tentacles to constrict eight enemies at once.
Your skin changes colour to match your surroundings (Stealth).
Your rubbery body absorbs attacks (AC +1).


Message History

The giant newt dies!
You see here 27 stones.
p - 27 stones No target in view!
The gnoll is no longer charmed.
The gnoll is too close now for your liking.
You see here a dagger.
Evoke which item? (* to show all) (? for menu, Esc to quit)
Zapping:
d - a wand of random effects (15/48)
Press: ? - help, Shift-Dir - straight line, f - gnoll
Aim: a gnoll, wielding a flail (heavily wounded, hasn't noticed you)
The gnoll seems to speed up.
This wand has 14 charges left.
Evoke which item? (* to show all) (? for menu, Esc to quit)
Zapping:
c - a wand of enslavement (14/24)
Press: ? - help, Shift-Dir - straight line, f/p - gnoll
Aim: a gnoll, wielding a flail (heavily wounded, fast, chance to defeat MR: 62%)
The gnoll resists with significant effort.
This wand has 13 charges left.
The gnoll barely misses you. The gnoll hits you with a flail!
You die...

..... ... ...
##.#
######..#####.#
.......<)......
###.###.####### .
#....g.# ##
..####....@.##...
#..............#
#...........###
##.##.....†.....
#......###..
#......# #
....#....#
...####......
#... ........


You could see a gnoll.

Vanquished Creatures
  An adder (D:2)
  2 gnolls (D:3)
  A giant cockroach (D:2)
  A hobgoblin (D:2)
  3 jackals (D:1)
  4 bats
  A giant newt (D:1)
  3 kobolds (D:2)
  3 rats
19 creatures vanquished.

Vanquished Creatures (collateral kills)
  A goblin (D:3)
  A giant newt (D:3)
  A rat (D:3)
3 creatures vanquished.

Grand Total: 22 creatures vanquished

Notes
Turn   | Place    | Note
--------------------------------------------------------------
     0 | D:1      | M4edhros the Octopode Artificer began the quest for the Orb.
     0 | D:1      | Reached XP level 1. HP: 13/13 MP: 3/3
   237 | D:1      | Reached XP level 2. HP: 15/18 MP: 4/4
   415 | D:2      | Reached XP level 3. HP: 20/23 MP: 5/5
   569 | D:3      | Slain by a gnoll

Vault maps used:
D:1:      dpeg_arrival_connections
D:2:      overflow_temple_1_default
D:3:      first_bread, grunt_qazlal_clouds

Action                   || total
-------------------------++-------
Melee: Short sword       ||    49
Evoke: Wand              ||     3
 Stab: Sleeping          ||     5
